 Dungeon Crawl Stone Soup version 0.30.0-19-g36f170ea60 (webtiles) character file.

Game seed: 266719382355861259

12792 MacCMillion the Zephyrmancer (level 11, 0/71 HPs)
             Began as a Tengu Air Elementalist on May 30, 2023.
             Was a Priest of Vehumet.
             Slain by a harpy (3 damage)
             ... on level 1 of the Lair of Beasts.
             The game lasted 00:32:04 (14551 turns).

MacCMillion the Zephyrmancer (TeAE)                Turns: 14551, Time: 00:32:05

Health: 0/71       AC:  7    Str: 10    XL:     11   Next: 98%
Magic:  30/32      EV: 20    Int: 19    God:    Vehumet [***...]
Gold:   702        SH:  0    Dex: 14    Spells: 3/24 levels left

rFire   . . .        I - +2 dagger (venom)
rCold   + . .        (no shield)
rNeg    . . .        F - +0 steam dragon scales
rPois   .            (helmet restricted)
rElec   .            g - +0 cloak
rCorr   .            u - +0 pair of gloves
SInv    .            (boots unavailable)
Will    .....        A - amulet of magic regeneration
Stlth   ++           h - ring of protection from cold
HPRegen 0.31/turn    l - ring of magical power
MPRegen 0.63/turn

%: no passive effects
@: about to teleport, flying quickly and evasively, quick
A: beak, talons 3, nimble flight
a: Renounce Religion


You were on level 1 of the Lair of Beasts.
You worshipped Vehumet.
Vehumet was most pleased with you.
You visited 3 branches of the dungeon, and saw 13 of its levels.

You collected 702 gold pieces.

Inventory:

Hand Weapons
 I - a +2 dagger of venom (weapon)
Missiles
 x - a throwing net
Armour
 g - a +0 cloak (worn)
 u - a +0 pair of gloves (worn)
 F - +0 steam dragon scales (worn)
Jewellery
 h - a ring of protection from cold (left hand)
 l - a ring of magical power (right hand)
 A - an amulet of magic regeneration (around neck)
 J - a +6 ring of dexterity
 O - a ring of poison resistance
Wands
 d - a wand of flame (17)
 y - a wand of polymorph (7)
 N - a wand of charming (4)
Scrolls
 a - a scroll of vulnerability {unknown}
 f - 2 scrolls of noise {unknown}
 k - 3 scrolls of blinking {unknown}
 m - 6 scrolls of teleportation
 o - a scroll of acquirement {unknown}
 r - a scroll of brand weapon {unknown}
 t - 2 scrolls of magic mapping {unknown}
 v - 6 scrolls of butterflies {unknown}
 w - 3 scrolls of fear {unknown}
 B - 4 scrolls of identify
 D - 3 scrolls of fog {unknown}
 E - 2 scrolls of torment {unknown}
 H - 2 scrolls of amnesia {unknown}
 K - a scroll of immolation {unknown}
 L - 3 scrolls of enchant weapon {unknown}
Potions
 b - 3 potions of magic
 c - 3 potions of might
 e - a potion of attraction {unknown}
 i - 4 potions of heal wounds
 j - a potion of mutation {unknown}
 n - 4 potions of ambrosia
 p - 2 potions of curing
 q - a potion of cancellation {unknown}
 s - a potion of brilliance {unknown}
 z - a potion of invisibility {unknown}
 C - a potion of lignification {unknown}
 G - a potion of haste {unknown}
 P - a potion of resistance {unknown}
Miscellaneous
 M - a phantom mirror


   Skills:
 + Level 9.4 Fighting
 - Level 10.0 Dodging
 - Level 2.0 Stealth
 + Level 7.4 Spellcasting
 + Level 6.9 Conjurations
 + Level 13.7 Air Magic


You had 3 spell levels left.
You knew the following spells:

 Your Spells              Type           Power      Damage    Failure   Level
a - Shock                 Conj/Air       100%       1d9       1%          1
b - Static Discharge      Conj/Air       92%        2-6/arc   1%          2
c - Swiftness             Air            56%        N/A       1%          3
d - Airstrike             Air            28%        2d(4-20)  1%          4
e - Irradiate             Conj/Tmut      10%        3d15      17%         5
f - Conjure Ball Lightni  Conj/Air       23%        3x3d6     6%          6

Your spell library contained the following spells:

 Spells                   Type           Power      Damage    Failure   Level
 Inner Flame              Hex/Fire       7%         N/A       8%          3
 Hailstorm                Conj/Ice       20%        3d6       1%          3
 Freeze                   Ice            28%        1d5       2%          1
 Scorch                   Fire           14%        2d6       4%          2
 Frozen Ramparts          Ice            14%        1d3       8%          3
 Summon Small Mammal      Summ           28%        N/A       10%         1
 Sublimation of Blood     Necr           7%         N/A       14%         2
 Call Canine Familiar     Summ           7%         N/A       28%         3
 Summon Guardian Golem    Hex/Summ       7%         N/A       28%         3
 Flame Wave               Conj/Fire      20%        2d7       7%          4
 Petrify                  Tmut/Erth      7%         N/A       67%         4
 Summon Cactus Giant      Summ           3%         N/A       100%        6
 Discord                  Hex            3%         N/A       100%        8
 Disjunction              Tloc           3%         N/A       100%        8


Dungeon Overview and Level Annotations

Branches:
Dungeon (10/15)            Temple (1/1) D:4            Lair (2/5) D:8
 Shoals (0/4) Lair:2
  Snake: Lair:2-3    Spider: Lair:2-3       Orc: D:9-12

Altars:
Ashenzari
Cheibriados
Dithmenos
Elyvilon
Fedhas
Gozag
Hepliaklqana
Kikubaaqudgha
Makhleb
Nemelex Xobeh
Okawaru
Qazlal
Ru
Sif Muna
Trog
Uskayaw
Vehumet
Wu Jian
Zin
The Shining One
Lugonu

Shops:
D:6 (

Annotations:
D:3 Grinder
D:5 Ijyb
D:6 Duvessa
D:10 Lodul
Lair:2 3 runed translucent doors, LaMa's ghost, journeyman DrIE


Innate Abilities, Weirdness & Mutations

You have a beak for a mouth.
You have claws for feet.
Your magical nature lets you fly swiftly and evasively.


Message History

Unknown command.
The harpy claws you but does no damage. The harpy claws you! x2
The harpy claws you.
* * * LOW HITPOINT WARNING * * *
The yak completely misses you.
You fly upwards.
There is a stone staircase leading down here.
Casting: Static Discharge (safe; 1% risk of failure)
Confirm with . or Enter, or press ? or * to list all spells.
The harpy is struck by an arc of lightning.
The harpy is lightly wounded.
You are struck by an arc of lightning.
* * * LOW HITPOINT WARNING * * *
The yak is struck by an arc of lightning.
The yak is moderately wounded.
The yak is struck by an arc of lightning.
The yak is heavily wounded.
The lightning grounds out.
The yak is struck by an arc of lightning.
The yak is moderately wounded.
The yak is struck by an arc of lightning!
The yak is severely wounded.
You are struck by an arc of lightning.
* * * LOW HITPOINT WARNING * * *
The yak is struck by an arc of lightning.
The yak is moderately wounded.
You are struck by an arc of lightning.
* * * LOW HITPOINT WARNING * * *
The lightning grounds out.
The yak is struck by an arc of lightning!
The yak is severely wounded.
You are struck by an arc of lightning.
* * * LOW HITPOINT WARNING * * *
The lightning grounds out.
The harpy misses you. The harpy claws you!
* * * LOW HITPOINT WARNING * * *
The yak gores you but does no damage. x2
Unknown command.
As you read the scroll of teleportation, it crumbles to dust.
You feel strangely unstable. The harpy barely misses you. The harpy claws you.
You die...

#.....#.#.#.#.#.####...........~
##...................###..#..#.≈
##...##.#.#.#.#.#..### #.......~
#....#............## #.......~
##...##.#.#.#.#.### ####..#.~
#...............# ###..#..
#....#.#.#.#.#.### #.......
#.............H..# #.......
#....#.#.#.#.#@### #.......
#...#.........YY# ##......^
#....#.#.#.#.#.## #........
####...######### #........
#.###.# #........ ### ###
##....... #.###P## ### ###


You could see 2 yaks and a harpy.

Vanquished Creatures
  Amaemon (Lair:2)
  Joseph (D:7)
  A black mamba (Lair:1)
  2 cane toads (Lair:2)
  Maggie (D:6)
  A kobold demonologist (D:10)
  4 komodo dragons (Lair:2)
  3 trolls
  A hornet (D:8)
  2 blink frogs (Lair:1)
  A wyvern (D:9)
  A vampire (D:10)
  13 yaks
  A steam dragon (D:8)
  2 basilisks
  Menkaure (D:7)
  An acid dragon (D:10)
  Edmund (D:4)
  5 water moccasins
  3 sky beasts
  A black bear (Lair:1)
  An orc warrior (D:10)
  5 ogres (D:10)
  2 centaurs
  A wolf (D:8)
  3 phantoms (D:5)
  A kobold brigand (D:7)
  11 bullfrogs
  3 scorpions (D:5)
  7 wights
  9 killer bees
  An electric eel (D:8)
  12 howler monkeys
  4 jellies
  8 orc priests
  8 hounds
  2 iguanas
  3 gnoll boudas
  A sleepcap (D:7)
  7 orc wizards
  15 gnolls
  8 adders
  A shadow imp (D:5)
  3 white imps
  An ufetubus (D:5)
  2 dart slugs
  28 orcs
  5 endoplasms
  3 giant cockroaches
  13 hobgoblins
  A jackal (D:1)
  3 quokkas
  11 ball pythons
  9 bats
  6 frilled lizards
  5 goblins
  11 kobolds
  6 rats
267 creatures vanquished.

Notes
Turn   | Place    | Note
-------+----------+-------------------------------------------
     0 | D:1      | MacCMillion the Tengu Air Elementalist began the quest for
                  | the Orb.
     0 | D:1      | Reached XP level 1. HP: 10/10 MP: 4/4
   431 | D:1      | Reached XP level 2. HP: 11/15 MP: 3/6
   898 | D:1      | Reached XP level 3. HP: 19/19 MP: 4/7
  1658 | D:2      | Learned a level 2 spell: Static Discharge
  1662 | D:2      | Learned a level 3 spell: Swiftness
  1801 | D:2      | Reached XP level 4. HP: 24/24 MP: 5/9
  1915 | D:2      | Found a shadowy altar of Dithmenos.
  1935 | D:2      | Reached skill level 5 in Air Magic
  1975 | D:2      | Identified the +3 leather armour of Yredelemnul's Favour
                  | {rC+ rN+ Int+3}
  2254 | D:3      | Noticed an eye of devastation
  2256 | D:3      | Found a faded altar of an unknown god.
  2479 | D:3      | Noticed Grinder
  2599 | D:3      | Noticed a floating eye
  2603 | D:3      | Noticed a floating eye
  2709 | D:3      | Noticed a golden eye
  3087 | D:4      | Gained mutation: Your magical nature lets you fly swiftly
                  | and evasively. [Tengu growth]
  3087 | D:4      | Reached XP level 5. HP: 18/28 MP: 5/10
  3629 | D:4      | Noticed Edmund
  3683 | D:4      | Found a burning altar of Makhleb.
  3757 | D:4      | Found a staircase to the Ecumenical Temple.
  3768 | Temple   | Entered the Ecumenical Temple
  4090 | D:4      | Killed Edmund
  4091 | D:4      | Reached skill level 6 in Air Magic
  4091 | D:4      | Reached XP level 6. HP: 21/32 MP: 8/12
  4268 | D:5      | Entered Level 5 of the Dungeon
  4273 | D:5      | Noticed Ijyb
  4308 | D:5      | Reached skill level 5 in Conjurations
  4447 | D:5      | Reached skill level 7 in Air Magic
  4447 | D:5      | Reached XP level 7. HP: 28/36 MP: 6/14
  4548 | D:5      | Learned a level 5 spell: Irradiate
  4554 | D:5      | Reached skill level 8 in Air Magic
  4932 | D:5      | Reached skill level 9 in Air Magic
  5315 | D:5      | Noticed a troll
  5606 | D:5      | Reached skill level 10 in Air Magic
  5606 | D:5      | Reached XP level 8. HP: 23/41 MP: 3/15
  6133 | D:6      | Found Pul Meuq's Weapon Shop.
  6149 | D:6      | Reached skill level 1 in Fighting
  6247 | D:6      | Found a hazy altar of Hepliaklqana.
  6349 | D:6      | Noticed Maggie
  6427 | D:5      | Learned a level 4 spell: Airstrike
  6567 | D:6      | Killed Maggie
  6626 | D:6      | Noticed Duvessa
  6781 | D:7      | Noticed Joseph
  6837 | D:7      | Reached skill level 11 in Air Magic
  6965 | D:7      | Reached XP level 9. HP: 45/52 MP: 16/16
  6995 | D:7      | Found a radiant altar of Vehumet.
  7015 | D:7      | Reached skill level 5 in Dodging
  7067 | D:7      | Killed Joseph
  7100 | D:7      | Noticed Menkaure
  7101 | D:7      | Became a worshipper of Vehumet
  7103 | D:7      | Killed Menkaure
  7479 | D:7      | Found a glowing silver altar of Zin.
  7480 | D:7      | Found an opulent altar of Gozag.
  7872 | D:7      | Found a stormy altar of Qazlal.
  7878 | D:7      | Reached skill level 5 in Fighting
  7953 | D:7      | Reached skill level 12 in Air Magic
  8081 | D:7      | Found a shimmering blue altar of Sif Muna.
  8378 | D:7      | Found a broken altar of Ashenzari.
  8657 | D:8      | Found a glowing golden altar of the Shining One.
  8832 | D:8      | Reached XP level 10. HP: 43/60 MP: 17/17
  8839 | D:8      | Reached * piety under Vehumet
  8839 | D:8      | Offered knowledge of Sandblast by Vehumet.
  9219 | D:8      | Found a staircase to the Lair.
  9274 | D:8      | Reached skill level 13 in Air Magic
  9577 | D:8      | Found a blossoming altar of Fedhas.
 10557 | D:9      | Reached skill level 5 in Spellcasting
 11454 | D:9      | Reached ** piety under Vehumet
 11454 | D:9      | Offered knowledge of Searing Ray by Vehumet.
 12067 | D:10     | Entered Level 10 of the Dungeon
 12125 | D:10     | Reached XP level 11. HP: 68/68 MP: 20/20
 12604 | D:10     | Found a white marble altar of Elyvilon.
 12722 | D:10     | Noticed Lodul
 12771 | D:10     | Offered knowledge of Mephitic Cloud by Vehumet.
 12918 | Lair:1   | Entered Level 1 of the Lair of Beasts
 13181 | Lair:1   | Learned a level 6 spell: Conjure Ball Lightning
 13565 | Lair:1   | Reached skill level 10 in Dodging
 13671 | Lair:1   | Reached *** piety under Vehumet
 14076 | Lair:2   | Noticed a 13-headed hydra
 14076 | Lair:2   | Noticed LaMa's ghost (journeyman DrIE)
 14076 | Lair:2   | Noticed a 13-headed hydra
 14076 | Lair:2   | Found a runed translucent gate.
 14076 | Lair:2   | Found a runed translucent gate.
 14076 | Lair:2   | Found a runed translucent gate.
 14339 | Lair:2   | Noticed Amaemon
 14347 | Lair:2   | Offered knowledge of Inner Flame by Vehumet.
 14359 | Lair:2   | Killed Amaemon
 14545 | Lair:2   | Noticed a harpy
 14545 | Lair:2   | Noticed a harpy
 14545 | Lair:2   | Noticed a harpy
 14545 | Lair:2   | Found a staircase to the Shoals.
 14548 | Lair:2   | Noticed a six-headed hydra
 14550 | Lair:1   | HP: 3/71 [harpy (8)]
 14551 | Lair:1   | Slain by a harpy

Illustrated notes

Levels and vault maps discovered:
D:1:      scummos_arrival_checkerplants, layout_basic
D:2:      layout_rooms, basic_altar, minmay_misc_feat_x
D:3:      minmay_recursive_quarters, layout_rooms,
          hellmonk_ecumenical_altar_watching_god, st_stairs_12, uniq_grinder
D:4:      layout_basic, kennysheep_little_box,
          minmay_temple_entry_statues_pillars, chequers_serial_rivers_micro_d,
          minmay_strange_pillars, minmay_ruptured, uniq_edmund
D:5:      cheibrodos_quashed, layout_basic, chequers_arboretum, uniq_ijyb
D:6:      layout_rooms, nicolae_hepliaklqana_hazy_memory, serial_shops,
          nicolae_shop_crystal, uniq_duvessa, uniq_maggie
D:7:      layout_layer_cave, grunt_temple_overflow_gold_and_silver,
          led_sif_pool, mainiacjoe_overflow_chevrons, grunt_qazlal_clouds,
          mainiacjoe_overflow_alcove_2, uniq_menkaure, uniq_joseph
D:8:      layout_rooms, tso_metal_star, mainiacjoe_overflow_alcove_1,
          erik_lair_island
D:9:      layout_stronghold
D:10:     layout_long_grid, kennysheep_ying_yang, doesnt_xom_only_xom,
          uniq_lodul, uniq_josephine
Temple:   kb_corrupted_temple
Lair:1:   layout_gridlike, st_stairs_10
Lair:2:   layout_long_grid, nicolae_shoals_entry_roost, dummy_snake_entry,
          gammafunk_ghost_hydra_chop, lemuel_fruit_fields, uniq_amaemon

Skill      XL: |  1  2  3  4  5  6  7  8  9 10 11 |
---------------+----------------------------------+-----
Conjurations   | 2 3 4 5 6 |  6.9
Air Magic      | 5 6 7 10 11 12 13 | 13.7
Spellcasting   | 3 4 5 7 |  7.4
Fighting       | 3 5 7 9 |  9.4
Dodging        | 4 7 9 10 | 10.0
Stealth        | |  2.0

Action                     |  1- 3 |  4- 6 |  7- 9 | 10-12 || total
---------------------------+-------+-------+-------+-------++-------
  Melee: Short sword       |     4 |       |       |       ||     4
         Kick              |     1 |     1 |     3 |     8 ||    13
         Dagger            |       |     3 |     4 |    26 ||    33
         Peck              |       |       |     3 |     4 ||     7
   Cast: Shock             |    81 |   112 |   175 |   135 ||   503
         Static Discharge  |       |     7 |    41 |    73 ||   121
         Airstrike         |       |       |    23 |    76 ||    99
    Use: Scroll            |       |       |     5 |     1 ||     6
         Potion            |       |       |       |     1 ||     1
   Stab: Sleeping          |       |       |     1 |       ||     1
 Armour: Robe              |     3 |     6 |     7 |       ||    16
         Steam dragon scal |       |       |     3 |    21 ||    24
  Dodge: Dodged            |     3 |    15 |    64 |   127 ||   209
